 Dungeon Crawl Stone Soup version 0.29.1-2-gbd0b4ee654 (webtiles) character file.

Game seed: 13782680970518365788

1374 Grillzange the Covert (level 8, -4/36 HPs)
             Began as a Spriggan Enchanter on Nov 13, 2022.
             Was a Follower of Dithmenos.
             Killed from afar by an efreet (16 damage)
             ... with a fireball
             ... on level 1 of the Abyss.
             The game lasted 00:43:44 (6673 turns).

Grillzange the Covert (Spriggan Enchanter)          Turns: 6673, Time: 00:43:44

Health: -4/36      AC:  5    Str: 10    XL:     8   Next: 39%
Magic:  24/24      EV: 18    Int: 19    God:    Dithmenos [*.....]
Gold:   320        SH:  0    Dex: 15    Spells: 10/15 levels left

rFire   . . .      SeeInvis +   a - +1 dagger (vorpal)
rCold   . . .      Faith    .   (no shield)
rNeg    . . .      Spirit   .   y - +2 robe {Will+}
rPois   .          Reflect  .   (helmet restricted)
rElec   .          Harm     .   m - +0 cloak
rCorr   .          Rampage  .   (gloves unavailable)
Will    ++...                   (boots unavailable)
Stlth   +++++.....              x - amulet of regeneration
HPRegen 0.92/turn               v - ring of magical power
MPRegen 0.19/turn               z - +6 ring of strength

@: wreathed by umbra, studying Ranged Weapons, very quick
A: very small, no large weapons, unfitting armour, see invisible, speed 3
a: Renounce Religion


You were on level 1 of the Abyss.
You worshipped Dithmenos.
Dithmenos was aware of your devotion.
You visited 2 branches of the dungeon, and saw 8 of its levels.
You visited the Abyss 1 time.
You also visited: Ossuary.

You collected 521 gold pieces.
You spent 201 gold pieces at shops.

Inventory:

Hand Weapons
 a - a +1 vorpal dagger (weapon)
Armour
 m - a +0 cloak (worn)
 y - a +2 robe of willpower (worn)
Jewellery
 v - a ring of magical power (left hand)
 x - an amulet of regeneration (around neck)
 z - a +6 ring of strength (right hand)
Wands
 w - a wand of flame (31)
Scrolls
 e - 2 scrolls of blinking {unknown}
 f - a scroll of magic mapping {unknown}
 i - 2 scrolls of amnesia
 j - 4 scrolls of teleportation {unknown}
 o - a scroll of noise {unknown}
 p - 2 scrolls of vulnerability {unknown}
 s - a scroll of silence {unknown}
 u - 2 scrolls of enchant weapon {unknown}
Potions
 c - 2 potions of invisibility
 d - 2 potions of flight
 g - 3 potions of brilliance
 h - 2 potions of degeneration
 k - 2 potions of might
 l - 2 potions of magic
 n - a potion of resistance {unknown}
 q - 2 potions of curing
 r - a potion of cancellation {unknown}
 t - a potion of berserk rage {unknown}


   Skills:
 - Level 5.9 Short Blades
 + Level 4.6 Dodging
 + Level 10.6 Stealth
 + Level 4.4 Spellcasting
 - Level 6.5 Hexes


You had 10 spell levels left.
You knew the following spells:

 Your Spells              Type           Power      Damage    Failure   Level
a - Ensorcelled Hibernat  Hex/Ice        32%        N/A       5%          2
b - Confusing Touch       Hex            28%        N/A       2%          3

Your spell library contained the following spells:

 Spells                   Type           Power      Damage    Failure   Level
 Tukima's Dance           Hex            28%        N/A       2%          3
 Dazzling Flash           Conj/Hex       32%        N/A       11%         3


Dungeon Overview and Level Annotations

Branches:
Dungeon (7/15)             Temple (1/1) D:4         Ossuary (visited)

Altars:
Ashenzari
Cheibriados
Dithmenos
Elyvilon
Fedhas
Gozag
Hepliaklqana
Kikubaaqudgha
Makhleb
Nemelex Xobeh
Okawaru
Qazlal
Ru
Sif Muna
Trog
Uskayaw
Vehumet
Wu Jian
Xom
Yredelemnul
Zin

Shops:
D:1 ?


Innate Abilities, Weirdness & Mutations

You are very small and have problems with some larger weapons.
You are too small for most types of armour.
You have supernaturally acute eyesight. (SInv)
You cover ground extremely quickly. (Speed+++)


Message History

The iron imp is heavily wounded.
The iron imp hits you.
You hit the iron imp.
The iron imp is severely wounded.
You hit the iron imp but do no damage.
The iron imp is severely wounded.
The iron imp hits you but does no damage.
You completely miss the iron imp.
The iron imp is severely wounded.
The iron imp completely misses you.
You barely miss the iron imp.
The iron imp is severely wounded.
You hit the iron imp but do no damage.
The iron imp is severely wounded.
The iron imp closely misses you.
You hit the iron imp.
The iron imp is severely wounded.
You hit the iron imp.
The iron imp is almost dead.
The iron imp completely misses you.
You hit the iron imp but do no damage.
The iron imp is almost dead.
You hit the iron imp but do no damage.
The iron imp is almost dead.
The iron imp hits you.
You closely miss the iron imp.
The iron imp is almost dead.
You hit the iron imp but do no damage.
The iron imp is almost dead.
The iron imp barely misses you.
You hit the iron imp.
You kill the iron imp!
Dithmenos accepts your kill.
An efreet comes into view.
It is wielding a +0 scimitar of flaming.
The efreet gestures at you. The bolt of fire hits you!!
Ouch! That really hurt!
The efreet gestures at you.
The fireball explodes!
The fireball engulfs you!
You die...

. .# #. #.#.
#.# .. ## ..
#. .# . ##.
..
#.####.######
#.#..#@.....#
#..#....#..#
#.#..##.# ##
#.#..##..§
#☼##.....###
#☼R.### .#
#....# ####
#.###.. #
#...


You could see an efreet.

Vanquished Creatures
  Sigmund (D:4)
  An ogre (D:5)
  2 centaurs (D:4)
  Blork the orc (D:4)
  3 scorpions
  A gnoll sergeant (D:6)
  A jelly (D:6)
  Crazy Yiuf (D:3)
  A hound (D:6)
  An iron imp (Abyss:1)
  2 orc wizards
  Ijyb (D:4)
  4 iguanas
  8 mummies (Ossuary)
  8 gnolls
  9 adders
  A white imp (D:6)
  2 worms
  2 dart slugs
  14 orcs
  10 bats
  9 endoplasms
  3 giant cockroaches
  3 gnoll zombies (Ossuary)
  4 hobgoblins
  2 jackals (D:3)
  5 quokkas
  4 ball pythons
  7 frilled lizards
  3 goblins
  2 hobgoblin zombies (Ossuary)
  6 kobolds
  3 orc zombies (Ossuary)
  4 rats
129 creatures vanquished.

Notes
Turn   | Place    | Note
-------+----------+-------------------------------------------
     0 | D:1      | Grillzange the Spriggan Enchanter began the quest for the
                  | Orb.
     0 | D:1      | Reached XP level 1. HP: 9/9 MP: 5/5
   175 | D:1      | Reached XP level 2. HP: 13/13 MP: 6/6
   192 | D:1      | Reached skill level 5 in Stealth
   203 | D:1      | Found Ijyedum's Magic Scroll Boutique.
  1165 | D:2      | Found a faded altar of an unknown god.
  1255 | D:2      | Reached XP level 3. HP: 10/16 MP: 8/8
  1393 | D:2      | Learned a level 2 spell: Ensorcelled Hibernation
  1452 | D:2      | Reached skill level 6 in Stealth
  1510 | D:2      | Reached XP level 4. HP: 21/21 MP: 2/9
  3054 | D:3      | Reached XP level 5. HP: 24/24 MP: 3/10
  3229 | D:3      | Identified the +7 war axe of the Nexus {holy, rF+ rN++}
  3669 | D:3      | Reached skill level 7 in Stealth
  3773 | D:3      | Found a runed translucent door.
  3774 | D:3      | Noticed Crazy Yiuf
  3782 | D:3      | Killed Crazy Yiuf
  3950 | D:4      | You fall into a shaft and drop 3 floors!
  3987 | D:6      | Noticed a water moccasin
  3998 | D:5      | Entered Level 5 of the Dungeon
  4015 | D:4      | Noticed Blork the orc
  4027 | D:4      | Found a sand-covered staircase.
  4036 | Ossuary  | Entered an ossuary
  4124 | Ossuary  | Reached XP level 6. HP: 17/28 MP: 11/11
  4307 | D:4      | Noticed Ijyb
  4310 | D:4      | Killed Ijyb
  4336 | D:4      | Reached skill level 8 in Stealth
  4336 | D:4      | Reached skill level 5 in Hexes
  4342 | D:4      | Found a staircase to the Ecumenical Temple.
  4352 | Temple   | Entered the Ecumenical Temple
  4489 | Temple   | Became a worshipper of Dithmenos the Shadowed
  4518 | D:4      | Killed Blork the orc
  4654 | D:1      | Bought a scroll of identify for 26 gold pieces
  4654 | D:1      | Bought a scroll of identify for 26 gold pieces
  4654 | D:1      | Bought a scroll of brand weapon for 123 gold pieces
  4654 | D:1      | Bought a scroll of identify for 26 gold pieces
  4875 | D:4      | Identified the +6 ring mail of the Moon Troll {+Blink
                  | Dex+4}
  4931 | D:4      | Reached skill level 5 in Short Blades
  4931 | D:4      | Reached XP level 7. HP: 32/32 MP: 12/12
  4967 | D:4      | Learned a level 3 spell: Confusing Touch
  4984 | D:4      | Reached skill level 9 in Stealth
  4991 | D:4      | Noticed Sigmund
  4996 | D:4      | Killed Sigmund
  5511 | D:5      | Reached * piety under Dithmenos
  5599 | D:5      | Reached XP level 8. HP: 27/36 MP: 13/13
  5725 | D:5      | Found a white marble altar of Elyvilon.
  5762 | D:5      | Found a hide-covered altar of Uskayaw.
  5762 | D:5      | Found an opulent altar of Gozag.
  6075 | D:5      | Reached skill level 10 in Stealth
  6539 | D:6      | Found a hazy altar of Hepliaklqana.
  6539 | D:6      | Found an ornate altar of the Wu Jian Council.
  6548 | Abyss:1  | Cast into level 1 of the Abyss (orc)
  6596 | Abyss:1  | Found a corrupted altar of Lugonu.
  6668 | Abyss:1  | Noticed an efreet
  6673 | Abyss:1  | Killed from afar by an efreet

Illustrated notes

Levels and vault maps discovered:
D:1:      dpeg_arrival_rooms_a, layout_basic, serial_shops,
          nicolae_shop_behind_doors, kennysheep_decorative_pillar
D:2:      layout_loops_cross, nicolae_ecumenical_pavilion,
          hangedman_decor_peaks_small
D:3:      layout_basic, hangedman_glass_teeth, uniq_crazy_yiuf_cottage
D:4:      layout_cave_pools, minmay_temple_entry_overgrown,
          nicolae_ossuary_entry_ruins, minmay_manual_mares, uniq_ijyb,
          uniq_blork_the_orc, uniq_sigmund
D:5:      layout_basic, elyvilon_altar_1, mainiacjoe_overflow_large_starburst,
          nicolae_elevator_lobby_plus
D:6:      layout_basic, jmf_multi_god_temple, serial_co_window_serial,
          co_window_paths_a, co_window_of_opportunity_a, co_window_paths_a,
          co_window_cross_1, co_window_of_opportunity_a, co_window_paths_a,
          co_window_paths_b, co_window_corner_b, co_window_paths_c,
          co_window_corner_b, co_window_corner_b, co_window_corner_cb,
          co_window_4corner_b, co_window_4corner_a, kennysheep_windowed_goal,
          uniq_duvessa
D:7:      layout_rooms, tso_altar, hellmonk_ghost_happy_afterlife, serial_shops,
          nicolae_shop_waterfront, hangedman_decor_opposing
Temple:   nicolae_temple_superstar
Abyss:1:  base:
D:5

Skill      XL: |  1  2  3  4  5  6  7  8 |
---------------+-------------------------+-----
Stealth        | 5 6 7 8 9 10 | 10.6
Short Blades   | 2 3 4 5 |  5.9
Hexes          | 4 5 6 |  6.5
Dodging        | 3 4 |  4.6
Spellcasting   | 3 4 |  4.4

Action                   |  1- 3 |  4- 6 |  7- 9 || total
-------------------------+-------+-------+-------++-------
Melee: Dagger            |    98 |   240 |   193 ||   531
       Punch             |     1 |       |     3 ||     4
 Cast: Ensorcelled Hiber |     6 |    39 |    17 ||    62
       Confusing Touch   |       |       |     9 ||     9
  Use: Potion            |     1 |     4 |       ||     5
       Scroll            |     1 |     3 |     4 ||     8
 Stab: Sleeping          |    14 |    26 |    19 ||    59
       Invisible         |       |    12 |       ||    12
       Confused          |       |       |     2 ||     2
Armor: Robe              |    13 |    28 |    19 ||    60
Dodge: Dodged            |    71 |   162 |    96 ||   329
